 Dungeon Crawl Stone Soup version 0.31.0-32-g396128a36d (webtiles) character file.

Game seed: 12352161601466029704

122 raph the Caller (level 5, 0/35 HPs)
             Began as a Merfolk Summoner on Apr 16, 2024.
             Slain by Grinder (5 damage)
             ... on level 3 of the Dungeon.
             The game lasted 00:04:05 (1941 turns).

raph the Caller (Merfolk Summoner)                  Turns: 1941, Time: 00:04:05

Health: 0/35       AC:  3    Str:  8    XL:     5   Next: 6%
Magic:  13/18      EV: 12    Int: 22    God:
Gold:   156        SH:  0    Dex: 15    Spells: 3/9 levels left

rFire   . . .        d - +0 dagger
rCold   . . .        (no shield)
rNeg    . . .        a - +0 robe
rPois   .            (no helmet)
rElec   .            (no cloak)
rCorr   .            c - +0 pair of gloves
SInv    .            (no boots)
Will    .....        (no amulet)
Stlth   ++           k - ring of magical power
HPRegen 0.25/turn    i - +6 ring of intelligence
MPRegen 0.16/turn

%: no passive effects
@: inugami summoned
A: (nimble swimmer 2), mertail
a: no special abilities


You were on level 3 of the Dungeon.
You visited 1 branch of the dungeon, and saw 3 of its levels.

You collected 156 gold pieces.

Inventory:

Hand Weapons
 d - a +0 dagger (weapon)
 p - a +0 spear
 t - a +0 spear
Missiles
 f - 6 boomerangs
Armour
 a - a +0 robe (worn)
 c - a +0 pair of gloves (worn)
Jewellery
 i - a +6 ring of intelligence (right hand)
 k - a ring of magical power (left hand)
Scrolls
 e - 2 scrolls of fog {unknown}
 g - a scroll of immolation {unknown}
 n - a scroll of identify {unknown}
 s - a scroll of vulnerability {unknown}
Potions
 b - a potion of magic
 h - 2 potions of brilliance {unknown}
 j - a potion of might {unknown}
 l - a potion of cancellation {unknown}
 m - a potion of attraction {unknown}
 o - a potion of enlightenment {unknown}
 q - a potion of heal wounds {unknown}
 r - a potion of ambrosia {unknown}


   Skills:
 - Level 2.6 Dodging
 + Level 3.2 Stealth
 + Level 2.9 Spellcasting
 * Level 5.3 Summonings


You had 3 spell levels left.
You knew the following spells:

 Your Spells              Type           Power      Damage    Failure   Level
a - Summon Small Mammal   Summ           100%       N/A       1%          1
b - Call Imp              Summ           52%        N/A       2%          2
c - Call Canine Familiar  Summ           26%        N/A       4%          3

Your spell library contained the following spells:

 Spells                   Type           Power      Damage    Failure   Level
 Jinxbite                 Hex            6%         N/A       19%         2
 Sublimation of Blood     Necr           3%         N/A       19%         2
 Summon Blazeheart Golem  Fire/Summ      14%        N/A       38%         4
 Summon Lightning Spire   Summ/Air       14%        N/A       38%         4
 Yara's Violent Unravell  Hex/Alch       1%         3d3       98%         5
 Enfeeble                 Hex            1%         N/A       100%        7
 Summon Hydra             Summ           13%        N/A       100%        7


Dungeon Overview and Level Annotations

Branches:
Dungeon (3/15)

Altars:

Annotations:
D:3 Grinder


Innate Abilities, Weirdness & Mutations

((You are very nimble when in or above water. (Stealth+, EV+, Speed+++)))
Your lower body shifts to a powerful aquatic tail in water.


Message History

Grinder hits you!
You writhe in agony.
You can move again.
You hit Grinder.
Grinder is lightly wounded.
Your quokka bites Grinder but does no damage.
Your cerulean imp closely misses Grinder.
Grinder gestures at you. Pain shoots through your body!
Your quokka bites Grinder.
You hit Grinder but do no damage.
Grinder is moderately wounded.
Your quokka bites Grinder.
Your cerulean imp hits Grinder from afar with a -2 spear.
Your quokka bites Grinder.
Your quokka closely misses Grinder.
Your inugami hits Grinder! Grinder closely misses you.
You hit Grinder.
Grinder is heavily wounded.
Your quokka bites Grinder.
Your cerulean imp hits Grinder but does no damage.
Your quokka bites Grinder.
Your inugami barely misses Grinder.
Grinder hits your quokka!
Your quokka dies!
Your quokka's corpse disappears in a puff of smoke!
Grinder shouts!
You hit Grinder but do no damage.
Grinder is severely wounded.
Your quokka bites Grinder.
Your cerulean imp closely misses Grinder.
Your inugami hits Grinder. Grinder hits your quokka.
Your quokka writhes in agony.
Your quokka dies!
Your quokka's corpse disappears in a puff of smoke!
Grinder shouts!
You closely miss Grinder.
Grinder is severely wounded.
Your cerulean imp barely misses Grinder.
Your inugami barely misses Grinder.
Grinder hits you!
* * * LOW HITPOINT WARNING * * *
You writhe in agony.
You die...
Grinder says, "Hey, I wasn't done torturing you yet!"

#....#......
....#.....##.
####............
..............#.
........§.......
.......§h§......
......§5.5....#
#..§@.# #.###§#
...#
####.###.##...#
#.^......##...#
.........##...###
#........##.....
###.####.##.#.#
.............#
##.###......#######


You could see Grinder (ally target), a friendly cerulean imp (summoned) and a
friendly inugami (summoned).

Vanquished Creatures
  2 endoplasms
  2 goblins (D:2)
  6 hobgoblins
  A rat (D:1)
11 creatures vanquished.

Vanquished Creatures (collateral kills)
  A hound (D:3)
  2 adders (D:2)
  4 gnolls (D:3)
  A dart slug (D:2)
  6 ball pythons
  A bat (D:2)
  An endoplasm (D:1)
  A hobgoblin (D:1)
  A quokka (D:2)
  A frilled lizard (D:1)
  2 goblins (D:1)
  2 kobolds (D:1)
  2 rats
25 creatures vanquished.

Grand Total: 36 creatures vanquished

Notes
Turn   | Place    | Note
-------+----------+-------------------------------------------
     0 | D:1      | raph the Merfolk Summoner began the quest for the Orb.
     0 | D:1      | Reached XP level 1. HP: 13/13 MP: 3/3
   138 | D:1      | Reached XP level 2. HP: 19/19 MP: 1/5
   170 | D:1      | Learned a level 2 spell: Call Imp
  1077 | D:2      | Reached XP level 3. HP: 24/24 MP: 6/6
  1081 | D:2      | Learned a level 3 spell: Call Canine Familiar
  1672 | D:3      | Reached XP level 4. HP: 22/30 MP: 7/7
  1678 | D:3      | Reached skill level 5 in Summonings
  1690 | D:3      | Reached XP level 5. HP: 18/35 MP: 9/9
  1923 | D:3      | Noticed Grinder
  1933 | D:3      | Paralysed by Grinder for 4 turns
  1941 | D:3      | Slain by Grinder

Illustrated notes

Levels and vault maps discovered:
D:1:      dpeg_arrival_fog, layout_rooms
D:2:      layout_loops_corners
D:3:      layout_basic, vehumet_crystals, roderic_batcave, uniq_grinder

Skill      XL: |  1  2  3  4 |
---------------+-------------+-----
Stealth        | 3 |  3.2
Summonings     | 5 |  5.3
Dodging        | |  2.6
Spellcasting   | |  2.9

Action                     |  1- 3 |  4- 6 || total
---------------------------+-------+-------++-------
  Melee: Unarmed           |     4 |       ||     4
         Dagger            |    47 |    16 ||    63
   Cast: Summon Small Mamm |    24 |     2 ||    26
         Call Imp          |    14 |     2 ||    16
         Call Canine Famil |     3 |     1 ||     4
   Stab: Sleeping          |     4 |       ||     4
 Armour: Robe              |    35 |     8 ||    43
  Dodge: Dodged            |    48 |     5 ||    53
